 Dungeon Crawl Stone Soup version 0.32-a0-633-g5379399 (webtiles) character file.

Game seed: 6590416739500198208

14478 MailTree the Grappler (level 11, 0/117 HPs)
             Began as a Troll Berserker on Mar 6, 2024.
             Was an Elder of Trog.
             Killed from afar by a kobold blastminer (28 damage)
             ... with an iron shot
             ... on level 2 of the Orcish Mines.
             The game lasted 00:26:09 (9961 turns).

MailTree the Grappler (Troll Berserker)             Turns: 9961, Time: 00:26:09

Health: 0/117      AC:  9    Str: 27    XL:     11   Next: 89%
Magic:  10/10      EV:  9    Int:  5    God:    Trog [****..]
Gold:   578        SH:  9    Dex: 11    Spells: 10/10 levels left

rFire   . .          .
                       - Unarmed
rCold   . . .        j - +0 kite shield
rNeg    + . .        R - +2 robe {rN+}
rPois   +            i - +1 hat
rElec   .            Q - +1 cloak {Will+}
rCorr   .            (gloves unavailable)
SInv    .            (boots unavailable)
Will    +....        q - amulet of regeneration
Stlth   +            l - ring of poison resistance
HPRegen 1.99/turn    U - ring of flight
MPRegen 0.12/turn

%: no passive effects
@: on berserk cooldown, flying, slowed, very slow
A: large, unfitting armour, claws 3, regeneration 1, shaggy fur 1, tough skin 1
a: Renounce Religion, Berserk, Trog's Hand, Brothers in Arms


You were on level 2 of the Orcish Mines.
You worshipped Trog.
Trog was greatly pleased with you.
You visited 2 branches of the dungeon, and saw 13 of its levels.
You also visited: Ossuary.

You collected 908 gold pieces.
You spent 330 gold pieces at shops.

Inventory:

Missiles
 d - 22 stones
 g - 3 javelins
 n - 7 poisoned darts
 A - 8 boomerangs
 E - a silver javelin (quivered)
 G - 4 datura-tipped darts
 K - 6 darts of dispersal
 V - 5 curare-tipped darts
Armour
 a - a +0 animal skin
 i - a +1 hat (worn)
 j - a +0 kite shield (worn)
 Q - a +1 cloak of willpower (worn)
 R - a +2 robe of positive energy (worn)
Jewellery
 l - a ring of poison resistance (left claw)
 q - an amulet of regeneration (around neck)
 F - an amulet of the acrobat
 M - a ring of protection from fire
 U - a ring of flight (right claw)
 W - an amulet of guardian spirit
Wands
 k - a wand of paralysis (29)
 y - a wand of roots (3)
 I - a wand of polymorph (6)
 L - a wand of digging (1)
Scrolls
 e - 2 scrolls of teleportation
 f - a scroll of fog {unknown}
 o - a scroll of silence {unknown}
 v - a scroll of enchant armour {unknown}
 w - a scroll of revelation {unknown}
 x - 2 scrolls of enchant weapon
 B - 2 scrolls of fear {unknown}
 C - a scroll of immolation {unknown}
 D - 2 scrolls of noise
 H - a scroll of poison {unknown}
 N - 4 scrolls of blinking {unknown}
 O - a scroll of torment
 P - a scroll of amnesia
Potions
 b - a potion of might {unknown}
 c - 3 potions of enlightenment {unknown}
 h - 4 potions of brilliance {unknown}
 m - 3 potions of haste {unknown}
 p - a potion of attraction {unknown}
 r - 4 potions of resistance {unknown}
 s - 3 potions of degeneration {unknown}
 t - 2 potions of lignification {unknown}
 u - 2 potions of cancellation {unknown}
 z - 2 potions of invisibility {unknown}
 J - 3 potions of curing {unknown}
 S - a potion of mutation {unknown}
 T - a potion of berserk rage {unknown}


   Skills:
 - Level 10.0 Fighting
 - Level 5.0 Throwing
 - Level 5.0 Armour
 - Level 2.4 Dodging
 + Level 6.2 Shields
 - Level 12.0 Unarmed Combat


You had 10 spell levels left.
You didn't know any spells.
Your spell library was empty.

Dungeon Overview and Level Annotations

Branches:
Dungeon (11/15) Zot: 26677  Temple (0/1) D:4             Orc (2/2) D:9 Zot: 11645
Ossuary (visited)
   Lair: D:8-11         Elf: Orc:2

Altars:
Ashenzari
Dithmenos
Nemelex Xobeh

Shops:
D:6 *   D:9 ([

Annotations:
D:4 1 runed translucent door, exclusion: player ghost, tls9540's ghost, amateur CoGl


Innate Abilities, Weirdness & Mutations

You are too large for most types of armour.
You have claws for hands.
Your natural rate of healing is unusually fast.
You are covered in fur. (AC +1)
You have tough skin. (AC +1)


Message History

You mangle the ogre!!
You kill the ogre!
Trog accepts your kill.
The kobold blastminer shoots a bolt.
The bolt barely misses you.
The bolt hits the two-headed ogre.
You mangle the two-headed ogre!!
The two-headed ogre is almost dead.
The two-headed ogre hits you with a +0 giant spiked club!!
The two-headed ogre hits you with a +0 giant spiked club.
You eviscerate the two-headed ogre!!!
You kill the two-headed ogre!
Trog accepts your kill.
Your Shields skill increases to level 6!
You are no longer berserk.
You are exhausted.
You feel yourself slow down.
The kobold blastminer unwields a +0 arbalest.
You block the kobold blastminer's attack.
You barely miss the kobold blastminer.
The kobold blastminer is heavily wounded.
The kobold blastminer closely misses you.
You claw the kobold blastminer!
The kobold blastminer is severely wounded.
You block the kobold blastminer's attack. x2
You barely miss the kobold blastminer.
The kobold blastminer is severely wounded.
The kobold blastminer closely misses you.
You claw the kobold blastminer!
The kobold blastminer is almost dead.
You block the kobold blastminer's attack.
The kobold blastminer blasts its cannon at you.
The iron shot hits you!!!
The kobold blastminer is knocked back by the blast.
The kobold blastminer blasts its cannon at you.
The iron shot hits you!!
* * * LOW HITPOINT WARNING * * *
The kobold blastminer is knocked back by the blast.
The kobold blastminer blasts its cannon at you.
The iron shot hits you!!
You die...

$.... ...#......# ....
..........#
...##.........#
.............# #.
......(..^...# #..
##.....#.....#
#...#..).(.....K.##
#........(...<@...##
...........#.......#
.###.......)..$....#
#..................#
..........<)..........
.........)[)..........
.............#........
##....................
....................


You could see a kobold blastminer.

Vanquished Creatures
  An ogre mage (Orc:2)
  4 two-headed ogres
  Sonja (D:10)
  Pikel (D:6)
  An orc sorcerer (Orc:2)
  A kobold blastminer (Orc:2)
  3 elephants (D:11)
  Joseph (D:10)
  4 hornets
  4 wyverns
  5 yaks (D:10)
  Eustachio (D:6)
  2 wraiths (D:10)
  A warg (Orc:2)
  4 steam dragons
  An ice beast (D:8)
  7 orc warriors
  A sky beast (D:8)
  4 centaurs
  5 ogres
  2 phantoms
  3 lemures (D:6)
  2 elf zombies (Ossuary)
  A kobold brigand (D:11)
  3 bullfrogs
  A gnoll sergeant (D:5)
  2 scorpions (D:7)
  7 wights
  22 killer bees
  A howler monkey (D:9)
  3 centaur zombies (Ossuary)
  2 hounds (D:6)
  4 jellies
  5 orc priests
  A human zombie (Ossuary)
  6 iguanas
  3 sleepcaps
  Natasha (thrice) (D:3)
  5 orc wizards
  4 hound zombies (Ossuary)
  2 mummies (Ossuary)
  7 gnolls
  2 adders (D:5)
  2 white imps (D:7)
  2 ufetubi (D:5)
  11 adder zombies (Ossuary)
  3 ribbon worms
  A dart slug (D:1)
  21 orcs
  4 endoplasms
  2 giant cockroaches (D:3)
  A goblin (D:3)
  6 hobgoblins
  3 jackals (D:2)
  12 kobolds
  7 quokkas
  6 ball pythons
  14 bats
  A frilled lizard (D:2)
  A gnoll zombie (Ossuary)
  4 jackal zombies (Ossuary)
  6 kobold zombies (Ossuary)
  5 orc zombies (Ossuary)
  4 rats
259 creatures vanquished.

Vanquished Creatures (collateral kills)
  Nergalle (D:10)
1 creature vanquished.

Grand Total: 260 creatures vanquished

Notes
Turn   | Place    | Note
-------+----------+-------------------------------------------
     0 | D:1      | MailTree the Troll Berserker began the quest for the Orb.
     0 | D:1      | Reached XP level 1. HP: 22/22 MP: 0/0
   555 | D:1      | Reached XP level 2. HP: 29/29 MP: 1/1
  1067 | D:2      | Found a faded altar of an unknown god.
  1237 | D:2      | Reached XP level 3. HP: 26/37 MP: 2/2
  1389 | D:2      | Reached skill level 4 in Unarmed Combat
  1392 | D:2      | Reached XP level 4. HP: 45/45 MP: 3/3
  1880 | D:3      | Reached ** piety under Trog
  2031 | D:3      | Found a shadowy altar of Dithmenos.
  2288 | D:3      | Noticed Natasha
  2302 | D:3      | Killed Natasha
  2303 | D:3      | Reached XP level 5. HP: 34/54 MP: 4/4
  2591 | D:3      | Noticed Natasha
  2599 | D:3      | Killed Natasha
  2634 | D:3      | Noticed Natasha
  2638 | D:3      | Killed Natasha
  2816 | D:4      | Noticed an ogre
  2820 | D:4      | Killed an ogre
  2821 | D:4      | Reached skill level 5 in Unarmed Combat
  2821 | D:4      | Reached XP level 6. HP: 63/63 MP: 5/5
  2900 | D:4      | Found a sand-covered staircase.
  2910 | Ossuary  | Entered an ossuary
  3361 | Ossuary  | Reached skill level 5 in Fighting
  3361 | Ossuary  | Reached skill level 6 in Unarmed Combat
  3361 | Ossuary  | Reached XP level 7. HP: 72/72 MP: 6/6
  3379 | Ossuary  | Reached *** piety under Trog
  3637 | D:4      | Found a staircase to the Ecumenical Temple.
  3665 | D:4      | Found a runed translucent door.
  3670 | D:4      | Noticed tls9540's ghost (amateur CoGl)
  3864 | D:4      | Noticed a wyvern
  3870 | D:4      | Killed a wyvern
  4041 | D:5      | Entered Level 5 of the Dungeon
  4045 | D:5      | Reached skill level 7 in Unarmed Combat
  4484 | D:5      | Reached XP level 8. HP: 83/83 MP: 7/7
  5179 | D:6      | Noticed Eustachio
  5188 | D:6      | Killed Eustachio
  5189 | D:6      | Reached skill level 8 in Unarmed Combat
  5231 | D:6      | Reached **** piety under Trog
  5357 | D:6      | Noticed Pikel
  5366 | D:6      | Killed Pikel
  5367 | D:6      | Reached skill level 9 in Unarmed Combat
  5367 | D:6      | Reached XP level 9. HP: 88/93 MP: 8/8
  5691 | D:6      | Found Seexohon's Assorted Antiques.
  5699 | D:6      | Bought an orange potion for 28 gold pieces
  5699 | D:6      | Bought a fizzy dark potion for 28 gold pieces
  5699 | D:6      | Bought a coppery potion for 28 gold pieces
  5699 | D:6      | Bought a scroll labelled DUPPOQ JAUCUGU for 32 gold pieces
  6085 | D:7      | Reached skill level 10 in Unarmed Combat
  6986 | D:8      | Reached XP level 10. HP: 104/107 MP: 9/9
  7114 | D:8      | Found a broken altar of Ashenzari.
  7141 | D:8      | Noticed a two-headed ogre
  7149 | D:8      | Killed a two-headed ogre
  7150 | D:8      | Reached skill level 11 in Unarmed Combat
  7217 | D:8      | You fall into a shaft and drop 1 floor!
  7873 | D:9      | Found a staircase to the Orcish Mines.
  7873 | D:9      | Found Hyuly's Weapon Shop.
  7873 | D:9      | Found Faesoy's Armour Shop.
  7915 | D:9      | Bought a +1 cloak of willpower for 214 gold pieces
  8363 | D:9      | Reached skill level 10 in Fighting
  8404 | D:9      | Reached skill level 12 in Unarmed Combat
  8541 | Orc:1    | Entered Level 1 of the Orcish Mines
  8555 | D:9      | Reached skill level 1 in Throwing
  8555 | D:9      | Reached skill level 1 in Shields
  8603 | Orc:1    | Reached skill level 1 in Armour
  8709 | Orc:2    | Entered Level 2 of the Orcish Mines
  8709 | Orc:2    | Noticed an orc sorcerer
  8716 | Orc:2    | Killed an orc sorcerer
  8757 | Orc:2    | Noticed a kobold blastminer
  8758 | Orc:2    | Noticed a two-headed ogre
  8796 | D:10     | Entered Level 10 of the Dungeon
  8899 | D:10     | Noticed Sonja
  8910 | D:10     | Reached XP level 11. HP: 91/117 MP: 10/10
  8927 | D:10     | Killed Sonja
  8943 | D:10     | Found a sparkling altar of Nemelex Xobeh.
  8946 | D:10     | Noticed Joseph
  8961 | D:10     | Killed Joseph
  9262 | D:10     | Noticed Nergalle
  9269 | D:10     | Killed Nergalle
  9696 | D:11     | Noticed a boulder beetle
  9813 | Orc:2    | Noticed a two-headed ogre
  9821 | Orc:1    | Killed a two-headed ogre
  9870 | Orc:1    | Killed a two-headed ogre
  9871 | Orc:1    | Reached skill level 5 in Throwing
  9871 | Orc:1    | Reached skill level 5 in Shields
  9900 | Orc:2    | Noticed an ogre mage
  9934 | Orc:2    | Noticed a two-headed ogre
  9937 | Orc:2    | Killed an ogre mage
  9938 | Orc:2    | Reached skill level 5 in Armour
  9953 | Orc:2    | Killed a two-headed ogre
  9961 | Orc:2    | Killed from afar by a kobold blastminer

Illustrated notes

Levels and vault maps discovered:
D:1:      dpeg_arrival_triangle_fractal, layout_basic,
          dreamdust_princess_corridor
D:2:      layout_basic, shapermc_ecumenical_altar_acropolis
D:3:      layout_basic, mainiacjoe_overflow_cross_hatched, hangedman_decor_push,
          uniq_natasha
D:4:      layout_loops_ring, minmay_temple_entry_mini_moons,
          mainiacjoe_ossuary_entry_dusty_tomb, ebering_ghost_sewer_d,
          minmay_small_thing
D:5:      layout_layer_cave, chequers_serial_rivers_room_a
D:6:      layout_loops_cross, serial_shops, shop, roderic_batcave,
          grunt_decor_junction, uniq_eustachio, uniq_pikel
D:7:      layout_loops_corners, grunt_decor_cap
D:8:      layout_basic, evilmike_ruin_ashenzari
D:9:      layout_basic, orc_david_3
D:10:     layout_rooms, mainiacjoe_overflow_concentric_impassable,
          uniq_nergalle, uniq_joseph, uniq_sonja
D:11:     layout_loops_ring, grunt_lair_entry_orc_guard_hut, zin_angel,
          uniq_psyche
Orc:1:    layout_caves, uniq_maurice
Orc:2:    grunt_orc_tribal_feast, layout_caves, mines1_david

Skill      XL: |  1  2  3  4  5  6  7  8  9 10 11 |
---------------+----------------------------------+-----
Fighting       | 3 4 5 6 7 9 10 | 10.0
Unarmed Combat | 4 5 6 7 9 10 12 | 12.0
Throwing       | 2 5 |  5.0
Shields        | 2 6 |  6.2
Armour         | 2 5 |  5.0
Dodging        | |  2.4

Action                     |  1- 3 |  4- 6 |  7- 9 | 10-12 || total
---------------------------+-------+-------+-------+-------++-------
  Melee: Unarmed           |    67 |   137 |   259 |   313 ||   776
         Punch             |     1 |       |       |       ||     1
  Throw: Stone             |       |     1 |     3 |       ||     4
         Javelin           |       |       |       |    22 ||    22
         Dart              |       |       |       |     3 ||     3
 Invoke: Berserk           |       |     2 |     1 |     9 ||    12
    Use: Scroll            |       |       |     2 |     6 ||     8
 Armour: Animal skin       |    30 |    73 |   219 |   135 ||   457
         Robe              |       |       |       |   148 ||   148
  Dodge: Dodged            |    30 |    41 |    95 |   107 ||   273
  Block: Kite shield       |       |    39 |    86 |   136 ||   261

Table legend: (Time is in decaauts)
 A = Elapsed time spent in this place.
 B = Non-inter-level travel time spent in this place.
 C = Inter-level travel time spent in this place.
 D = Time resting spent in this place.
 E = Time spent auto-exploring this place.
 F = Levels seen in this place.
 G = Mean time per level.
                   A        B        C        D        E       F      G
               +--------+--------+--------+--------+--------+-----+--------+
         Total |  10058 |   9598 |    460 |    878 |   6607 |  14 |  718.4 |
       Dungeon |   9105 |   8666 |    439 |    490 |   6403 |  11 |  827.7 |
  Orcish Mines |    352 |    332 |     20 |    125 |     89 |   2 |  176.0 |
       Ossuary |    600 |    600 |      0 |    262 |    115 |   1 |  600.0 |
               +--------+--------+--------+--------+--------+-----+--------+

Top non-repeatable levels by time:
     D:9: 1178 daAuts
     D:3: 1033 daAuts
     D:7: 983 daAuts
     D:1: 972 daAuts
     D:6: 905 daAuts
     D:5: 850 daAuts
     D:4: 753 daAuts
     D:2: 749 daAuts
     D:8: 708 daAuts
    D:10: 695 daAuts
 Ossuary: 600 daAuts
   Orc:1: 280 daAuts
    D:11: 275 daAuts
   Orc:2: 72 daAuts
